 Dungeon Crawl Stone Soup version 0.29-a0-911-g88e6f02907 (webtiles) character file.

Game seed: 3334079633111483575

1681 Mesmaeker13 the Summoner (level 9, 0/57 HPs)
             Began as a Barachi Summoner on July 25, 2022.
             Was a Priest of Cheibriados.
             Killed by divine providence
             ... invoked by an orc priest
              (13 damage)
             ... on level 7 of the Dungeon.
             The game lasted 00:15:26 (7756 turns).

Mesmaeker13 the Summoner (Barachi Summoner)         Turns: 7756, Time: 00:15:27

Health: 0/57       AC: 12    Str: 20    XL:     9   Next: 2%
Magic:  13/17      EV: 28    Int: 26    God:    Cheibriados [***...]
Gold:   143        SH: 12    Dex: 20    Spells: 6/19 levels left

rFire   . . .      SeeInvis .   a - +2 spear (venom)
rCold   . . .      Faith    .   A - +2 kite shield {rPois}
rNeg    . . .      Spirit   .   F - +2 leather armour {rPois}
rPois   +          Reflect  .   (no helmet)
rElec   .          Harm     .   j - +2 cloak
rCorr   .          Rampage  .   (no gloves)
Will    .....                   (no boots)
Stlth   ++........              q - amulet of the acrobat
HPRegen 0.19/turn               D - +4 ring of protection
MPRegen 0.15/turn               (no ring)

@: acrobatic, very slow
A: amphibious, slowness 1, strong legs 1, +LOS
a: Hop, Renounce Religion, Bend Time, Temporal Distortion


You were on level 7 of the Dungeon.
You worshipped Cheibriados.
Cheibriados was most pleased with you.
You visited 1 branch of the dungeon, and saw 7 of its levels.
You also visited: Sewer.

You collected 328 gold pieces.
You spent 185 gold pieces at shops.

Inventory:

Hand Weapons
 a - a +2 spear of venom (weapon)
 E - a +2 flail of draining
Missiles
 c - 14 poisoned darts (quivered)
Armour
 j - a +2 cloak (worn)
 l - a scarf of resistance
 A - a +2 kite shield of poison resistance (worn)
 F - a +2 leather armour of poison resistance (worn)
Jewellery
 q - an amulet of the acrobat (around neck)
 D - a +4 ring of protection (left hand)
Wands
 v - a wand of roots (5)
Scrolls
 g - 6 scrolls of enchant armour
 i - 2 scrolls of immolation
 o - 2 scrolls of teleportation
 u - 3 scrolls of vulnerability {unknown}
 x - a scroll of torment {unknown}
 y - a scroll of brand weapon {unknown}
 z - a scroll of noise {unknown}
 B - 2 scrolls of poison {unknown}
 C - a scroll of acquirement {unknown}
Potions
 b - 2 potions of magic
 d - 7 potions of curing
 e - 2 potions of lignification
 h - 2 potions of heal wounds
 k - a potion of cancellation
 m - a potion of haste {unknown}
 n - a potion of brilliance
 p - a potion of invisibility {unknown}
 r - a potion of degeneration {unknown}
 s - a potion of flight {unknown}
 t - a potion of might {unknown}
 w - 2 potions of resistance {unknown}


   Skills:
 + Level 2.7 Armour
 - Level 5.5 Dodging
 - Level 1.7 Stealth
 + Level 3.7 Shields
 - Level 5.5 Spellcasting
 + Level 4.9 Hexes
 + Level 8.1 Summonings
 + Level 1.2 Air Magic


You had 6 spell levels left.
You knew the following spells:

 Your Spells              Type           Power      Damage    Failure   Level
a - Summon Small Mammal   Summ           100%       N/A       1%          1
b - Call Imp              Summ           49%        N/A       1%          2
c - Call Canine Familiar  Summ           49%        N/A       2%          3
d - Summon Guardian Gole  Hex/Summ       41%        N/A       5%          3
e - Summon Lightning Spi  Summ/Air       31%        N/A       36%         4

Your spell library contained the following spells:

 Spells                   Type           Power      Damage    Failure   Level
 Confusing Touch          Hex            33%        N/A       10%         3
 Shock                    Conj/Air       40%        1d5       21%         1
 Apportation              Tloc           14%        N/A       26%         1
 Necrotise                Necr           28%        1d5       26%         1
 Swiftness                Air            13%        N/A       41%         3
 Gell's Gravitas          Tloc           7%         N/A       61%         3
 Lesser Beckoning         Tloc           7%         N/A       61%         3
 Teleport Other           Tloc           7%         N/A       61%         3
 Airstrike                Air            6%         0-3+      83%         4
 Silence                  Hex/Air        11%        N/A       89%         5
 Passage of Golubria      Tloc           7%         N/A       95%         4
 Yara's Violent Unravell  Hex/Tmut       10%        3d6       95%         5
 Enfeeble                 Hex            16%        N/A       100%        7
 Lehudib's Crystal Spear  Conj/Erth      3%         10d3      100%        8


Dungeon Overview and Level Annotations

Branches:
Dungeon (7/15)             Temple (0/1) D:6           Sewer (visited)

Altars:
Ashenzari
Cheibriados
Gozag
Hepliaklqana
Kikubaaqudgha
Nemelex Xobeh
Qazlal
Sif Muna
Wu Jian
Xom

Shops:
D:2 **[   D:4 *

Annotations:
D:5 3 runed translucent doors, eyesofgods1's ghost, amateur DsGl; leavemydog's ghost, novice GnFi; soberaf's ghost, novice NaAK


Innate Abilities, Weirdness & Mutations

You are amphibious.
You cover ground slowly.
You can hop short distances.
You have an extended range of vision and can be seen from far away.


Message History

An orc priest comes into view. It is wielding a +0 dagger.
An orc comes into view. It is wielding a +0 mace.
An orc warrior comes into view. It is wielding a +0 broad axe.
The orc priest hits your wolf with a +0 club.
Your wolf closely misses the orc priest.
Found a stone staircase leading up.
Your wolf barely misses the orc priest.
Your wolf bites the orc priest.
The orc priest looks braver for a moment.
The orc priest hits your wolf with a +0 club.
Your wolf bites the orc priest.
The orc priest barely misses your wolf.
Your wolf barely misses the orc priest. x2
The orc priest hits your wolf with a +0 dagger.
The orc priest mumbles some strange prayers to Beogh against you.
Beogh smites you!
Your wolf completely misses the orc priest.
The orc priest hits your wolf but does no damage.
Your wolf bites the orc priest.
Your wolf completely misses the orc priest.
Your wolf barely misses the orc priest.
The orc priest misses your wolf.
Your wolf completely misses the orc priest.
The orc warrior hits your wolf with a +0 broad axe!!
Your wolf dies!
Your wolf's corpse disappears in a puff of smoke!
The orc priest invokes the aid of Beogh against you.
Beogh smites you!
Casting: Call Canine Familiar (dangerous; 2% risk of failure)
Confirm with . or Enter, or press ? or * to list all spells.
The orc priest hits you with a +0 club.
You swap places.
Your wolf bites the orc priest.
Your wolf barely misses the orc priest.
The orc priest invokes the aid of Beogh against you.
Your wolf writhes in agony.
Your wolf bites the orc warrior.
The orc priest invokes the aid of Beogh against you.
Beogh smites you!
* * * LOW HITPOINT WARNING * * *
Your wolf closely misses the orc warrior.
Your wolf bites the orc warrior but does no damage.
The orc priest mumbles some strange prayers to Beogh against you.
Beogh smites you!
You die...

#.#####..# .....##..##
#.##.##...##
#.##.#.....#
#######.##)##...#
#.........))...##
#.########)###.#####.#
#.# #...........#
##.## #####@#######
##...##### #.#
.##.##...## #h#
8.#.#.8.8.# #o#
..#.#.._..#


ooo ..#.#...8.# ##o#. .'#.#'...# #.#.# ##...#####.#.# ... . ...⌠.........# .<.
## You could see an orc warrior, 2 orc priests, 2 orcs and a friendly wolf
(summoned).

Vanquished Creatures
  A sky beast (D:7)
  A scorpion (D:5)
  A bullfrog (D:7)
  A necrophage (D:6)
  An orc priest (D:4)
  An orc wizard (D:5)
  4 gnolls
  4 adders
  A river rat (Sewer)
  A shadow imp (D:6)
  A white imp (D:5)
  2 worms (D:4)
  A dart slug (D:5)
  8 orcs
  7 ball pythons
  An endoplasm (D:4)
  3 giant cockroaches
  4 goblins
  3 hobgoblins
  8 jackals
  2 quokkas
  5 frilled lizards
  4 kobolds
  11 rats
76 creatures vanquished.

Vanquished Creatures (collateral kills)
  Sigmund (D:2)
  An orc warrior (D:7)
  An ice beast (D:6)
  An ogre (D:4)
  A bullfrog (D:6)
  A howler monkey (D:6)
  A jelly (D:5)
  4 hounds
  2 orc priests
  3 orc wizards
  2 gnolls (D:5)
  2 adders
  2 worms
  11 orcs
  A giant cockroach (D:1)
  A goblin (D:4)
  A hobgoblin (D:1)
  4 kobolds
  A quokka (D:2)
  A ball python (D:4)
  A bat (D:1)
  2 frilled lizards (Sewer)
  2 rats (D:1)
47 creatures vanquished.

Vanquished Creatures (others)
  2 water moccasins (D:4)
  Blork the orc (D:5)
  2 gnolls (D:2)
5 creatures vanquished.

Grand Total: 128 creatures vanquished

Notes
Turn   | Place    | Note
-------+----------+-------------------------------------------
     0 | D:1      | Mesmaeker13 the Barachi Summoner began the quest for the
                  | Orb.
     0 | D:1      | Reached XP level 1. HP: 13/13 MP: 3/3
   560 | D:1      | Reached skill level 5 in Summonings
   562 | D:1      | Reached XP level 2. HP: 15/19 MP: 5/5
   573 | D:1      | Found a faded altar of an unknown god.
  1217 | D:2      | Found Lygregem's Assorted Antiques.
  1660 | D:2      | Found Hadwuil's Antique Armour Shoppe.
  1744 | D:2      | Reached XP level 3. HP: 10/24 MP: 5/7
  2075 | D:2      | Found Vahouj's Assorted Antiques.
  2076 | D:2      | Noticed Sigmund
  2111 | D:3      | Found an ancient bone altar of Kikubaaqudgha.
  2158 | D:3      | Learned a level 2 spell: Call Imp
  2162 | D:3      | Learned a level 3 spell: Call Canine Familiar
  2325 | D:3      | Found a snail-covered altar of Cheibriados.
  2355 | D:3      | Became a worshipper of Cheibriados the Contemplative
  2470 | D:3      | Reached XP level 4. HP: 30/30 MP: 6/8
  2482 | D:3      | Found a shimmering blue altar of Sif Muna.
  2482 | D:3      | Found a hazy altar of Hepliaklqana.
  3136 | D:3      | Learned a level 3 spell: Summon Guardian Golem
  3222 | D:4      | Reached * piety under Cheibriados
  3251 | D:4      | Reached XP level 5. HP: 16/35 MP: 4/10
  3449 | D:4      | Found a glowing drain.
  3453 | Sewer    | Entered a sewer
  3509 | Sewer    | Reached skill level 1 in Hexes
  3922 | Sewer    | Reached skill level 6 in Summonings
  4186 | D:4      | Reached ** piety under Cheibriados
  4456 | D:4      | Noticed an ogre
  4461 | D:4      | Reached XP level 6. HP: 33/41 MP: 6/11
  4652 | D:4      | Found an ornate altar of the Wu Jian Council.
  4682 | D:4      | Found Kasy's Serpentskin Sales.
  4682 | D:4      | Noticed a water moccasin
  4682 | D:4      | Noticed a water moccasin
  4688 | D:4      | Killed a water moccasin
  4688 | D:4      | Killed a water moccasin
  4689 | D:4      | Reached XP level 7. HP: 46/46 MP: 10/13
  4720 | D:4      | Bought a +2 kite shield of poison resistance for 185 gold
                  | pieces
  4782 | D:5      | Entered Level 5 of the Dungeon
  5150 | D:5      | Noticed Blork the orc
  5160 | D:5      | Killed Blork the orc
  5161 | D:5      | Reached skill level 5 in Dodging
  5161 | D:5      | Reached skill level 1 in Shields
  5161 | D:5      | Reached skill level 7 in Summonings
  5588 | D:5      | Found a runed translucent gate.
  5588 | D:5      | Found a runed translucent gate.
  5588 | D:5      | Found a runed translucent gate.
  5590 | D:5      | Noticed soberaf's ghost (novice NaAK)
  5590 | D:5      | Noticed leavemydog's ghost (novice GnFi)
  5590 | D:5      | Noticed eyesofgods1's ghost (amateur DsGl)
  5622 | D:5      | Reached *** piety under Cheibriados
  5938 | D:6      | Found a staircase to the Ecumenical Temple.
  5975 | D:6      | Reached XP level 8. HP: 50/52 MP: 12/15
  6089 | D:6      | Reached skill level 5 in Spellcasting
  6911 | D:2      | Killed Sigmund
  6912 | D:2      | Reached skill level 1 in Armour
  6992 | D:2      | Found a sparkling altar of Nemelex Xobeh.
  7238 | D:7      | Learned a level 4 spell: Summon Lightning Spire
  7312 | D:7      | Noticed a nameless horror
  7344 | D:7      | Found a stormy altar of Qazlal.
  7627 | D:7      | Found a broken altar of Ashenzari.
  7632 | D:7      | Found a shimmering altar of Xom.
  7670 | D:7      | Found an opulent altar of Gozag.
  7704 | D:7      | Reached skill level 8 in Summonings
  7705 | D:7      | Reached skill level 1 in Air Magic
  7705 | D:7      | Reached XP level 9. HP: 49/57 MP: 14/17
  7756 | D:7      | Killed from afar by an orc priest

Illustrated notes

Levels and vault maps discovered:
D:1:      ncdulo_halloftheorcs, layout_basic,
          shapermc_ecumenical_altar_notcrosses, st_stairs_5,
          minmay_misc_feat_nine_boxes, minmay_domino_4
D:2:      layout_basic, serial_curves, eino_curves_03, eino_curves_02,
          serial_shops, shop, nicolae_shop_temple_entry_statues_fountains,
          nicolae_shop_stone, basic_altar, uniq_sigmund
D:3:      layout_loops_ring, mainiacjoe_overflow_paths,
          chequers_temple_overflow_statue_of_worship
D:4:      layout_rooms, overflow_temple_1_default, gup_sewer_entry_bowl,
          guppyfry_shop_venom
D:5:      layout_basic, gammafunk_ghost_cemetery, uniq_blork_the_orc
D:6:      layout_basic, minmay_temple_entry_large_hall
D:7:      kennysheep_seaside_town, layout_loops_corners,
          nicolae_overflow_hidden_temple, grunt_temple_overflow_cloverleaf,
          minmay_nine_imps

Skill      XL: |  1  2  3  4  5  6  7  8 |
---------------+-------------------------+-----
Summonings     | 5 6 7 8 |  8.1
Dodging        | 3 4 5 |  5.5
Spellcasting   | 3 4 5 |  5.5
Hexes          | 1 2 3 4 |  4.9
Shields        | 1 3 |  3.7
Armour         | 2 |  2.7
Air Magic      | 1 |  1.2
Stealth        | |  1.7

Action                   |  1- 3 |  4- 6 |  7- 9 || total
-------------------------+-------+-------+-------++-------
Melee: Unarmed           |    18 |       |       ||    18
       Short sword       |    65 |   107 |    24 ||   196
       Punch             |     1 |     2 |     1 ||     4
       Flail             |       |       |    44 ||    44
       Spear             |       |       |    22 ||    22
Throw: Throwing net      |       |       |     1 ||     1
 Cast: Summon Small Mamm |    19 |       |     1 ||    20
       Call Imp          |     2 |     7 |     7 ||    16
       Call Canine Famil |     1 |    14 |    17 ||    32
       Summon Guardian G |       |     2 |     9 ||    11
 Abil: Hop               |     1 |       |       ||     1
Evoke: Wand              |       |       |     2 ||     2
  Use: Scroll            |       |     7 |     2 ||     9
 Stab: Sleeping          |     1 |     3 |     2 ||     6
       Distracted        |       |       |     1 ||     1
Armor: Robe              |    35 |    17 |     8 ||    60
       Leather armour    |       |       |    19 ||    19
Dodge: Dodged            |    70 |    84 |    85 ||   239
Block: Kite shield       |       |       |    66 ||    66

Table legend: (Time is in decaauts)
 A = Elapsed time spent in this place.
 B = Non-inter-level travel time spent in this place.
 C = Inter-level travel time spent in this place.
 D = Time resting spent in this place.
 E = Time spent auto-exploring this place.
 F = Levels seen in this place.
 G = Mean time per level.
                   A        B        C        D        E       F      G
               +--------+--------+--------+--------+--------+-----+--------+
         Total |  10380 |   9755 |    625 |   2017 |   5582 |   8 | 1297.5 |
       Dungeon |   9497 |   8872 |    625 |   1725 |   5237 |   7 | 1356.7 |
         Sewer |    883 |    883 |      0 |    292 |    344 |   1 |  883.0 |
               +--------+--------+--------+--------+--------+-----+--------+

Top non-repeatable levels by time:
     D:5: 1842 daAuts
     D:1: 1614 daAuts
     D:6: 1602 daAuts
     D:3: 1421 daAuts
     D:4: 1291 daAuts
     D:2: 1072 daAuts
   Sewer: 883 daAuts
     D:7: 651 daAuts
